 Dungeon Crawl Stone Soup version 0.32-a0-470-g255bbe2f98 (webtiles) character file.

Game seed: 13125171909617195460

21695 DanBellow the Severer (level 12, -10/172 HPs)
             Began as a Minotaur Berserker on Feb 25, 2024.
             Was a High Priest of Trog.
             Mangled by a yak (13 damage)
             ... on level 5 of the Lair of Beasts.
             The game lasted 01:03:50 (11312 turns).

DanBellow the Severer (Minotaur Berserker)         Turns: 11312, Time: 01:03:51

Health: -10/172    AC: 17    Str: 30    XL:     12   Next: 56%
Magic:  11/11      EV:  9    Int:  4    God:    Trog [*****.]
Gold:   647        SH: 11    Dex: 13    Spells: 11/11 levels left

rFire   . . .        x - +0 war axe
rCold   . . .        s - +2 kite shield
rNeg    . . .        L - +0 plate armour
rPois   .            (helmet restricted)
rElec   .            k - +0 cloak
rCorr   .            (no gloves)
SInv    +            (no boots)
Will    ++...        h - amulet of regeneration Stlth
                     f - ring of see invisible
HPRegen 2.28/turn    C - +6 ring of strength
MPRegen 0.12/turn

%: no passive effects
@: berserking, lethally poisoned (-10 -> -10), strong-willed, regenerating, very
quick
A: horns 2, retaliatory headbutt
a: Renounce Religion, Berserk, Trog's Hand, Brothers in Arms


You were on level 5 of the Lair of Beasts.
You worshipped Trog.
Trog was extremely pleased with you.
You visited 2 branches of the dungeon, and saw 13 of its levels.
You also visited: Sewer.

You collected 759 gold pieces.
You spent 112 gold pieces at shops.

Inventory:

Hand Weapons
 a - a +0 hand axe
 x - a +0 war axe (weapon)
 P - a +4 scimitar of flaming
Missiles
 E - a throwing net (quivered)
 K - 5 javelins
 T - 44 stones
Armour
 k - a +0 cloak (worn)
 s - a +2 kite shield (worn)
 L - a +0 plate armour (worn)
 N - the +0 ring mail "Nokuifro" {rPois}
   (You found it on level 2 of the Dungeon)

   rPois:     It protects you from poison
Jewellery
 f - a ring of see invisible (left hand)
 h - an amulet of regeneration (around neck)
 l - an amulet of magic regeneration
 o - an amulet of guardian spirit
 C - a +6 ring of strength (right hand)
 O - a ring of ice
Wands
 j - a wand of charming (10)
 w - a wand of polymorph (10)
 U - a wand of digging (5)
 W - a wand of flame (6)
Scrolls
 b - 2 scrolls of noise {unknown}
 c - a scroll of enchant weapon {unknown}
 d - 3 scrolls of identify
 e - 3 scrolls of revelation {unknown}
 m - 4 scrolls of blinking {unknown}
 n - 2 scrolls of vulnerability {unknown}
 p - 7 scrolls of fog {unknown}
 q - a scroll of acquirement {unknown}
 v - 2 scrolls of amnesia {unknown}
 y - 2 scrolls of fear
 G - a scroll of silence {unknown}
 I - 4 scrolls of teleportation {unknown}
 J - 3 scrolls of enchant armour {unknown}
 Q - 3 scrolls of brand weapon {unknown}
Potions
 g - 5 potions of enlightenment
 i - 2 potions of lignification
 r - 3 potions of resistance
 t - 2 potions of berserk rage
 u - 2 potions of mutation
 z - 2 potions of invisibility
 A - a potion of cancellation
 B - a potion of might
 D - 4 potions of haste
 F - a potion of curing
 H - a potion of ambrosia {unknown}
 M - 2 potions of magic
 R - a potion of heal wounds {unknown}
 S - 2 potions of attraction
Miscellaneous
 V - a lightning rod (4/4)


   Skills:
 + Level 13.0 Fighting
 + Level 16.8 Axes
 + Level 12.2 Armour
 - Level 5.5 Dodging
 - Level 5.4 Shields


You had 11 spell levels left.
You didn't know any spells.
Your spell library contained the following spells:

 Spells                   Type           Power      Damage    Failure   Level
 Scorch                   Fire           0%         2d5       100%        2
 Flame Wave               Conj/Fire      0%         2d4       100%        4
 Summon Cactus Giant      Summ           0%         N/A       100%        6


Dungeon Overview and Level Annotations

Branches:
Dungeon (9/15)             Temple (0/1) D:7            Lair (3/5) D:9
 Shoals (0/4) Lair:3        Snake (0/4) Lair:3        Sewer (visited)
    Orc: D:9-12

Altars:
Ashenzari
Dithmenos
Fedhas
Hepliaklqana
Kikubaaqudgha
Makhleb
Qazlal
Ru
Trog
Uskayaw
Vehumet
Yredelemnul
Zin
The Shining One

Shops:
D:4 *

Annotations:
Lair:3 3 runed translucent doors, Seic's ghost, journeyman DrSh; Xoh Arhiasm's ghost, journeyman TrWr; Ycul's ghost, journeyman HOFi


Innate Abilities, Weirdness & Mutations

You have a pair of horns on your head.
You reflexively headbutt those who attack you in melee.


Message History

You block the wolf's attack.
A yak comes into view.
The wolf bites the plant!
The wolf bites you.
* * * LOW HITPOINT WARNING * * *
The yak bellows!
You slash the wolf!
You headbutt the wolf, but do no damage.
The wolf is severely wounded.
You hit the wolf but do no damage.
You feel sick. The wolf bites you but does no damage.
You slash the wolf! Your headbutt misses the wolf.
The wolf is almost dead.
You slice the wolf!!
A nearby plant withers and dies.
The wolf bites you but does no damage.
The yak snorts and paws the ground.
You slice the wolf!!
You kill the wolf!
Trog accepts your kill.
You slash the yak! You hit the yak. You barely miss the yak.
You feel sick.
You hit the yak.
The yak is lightly wounded.
You miss the wolf. You slash the wolf!
You kill the wolf!
Trog accepts your kill.
You barely miss the yak. You slash the yak!
You feel sick. You block the yak's attack. The yak closely misses you.
You furiously retaliate!
You headbutt the yak!! You block the wolf's attack.
Your Fighting skill increases to level 13!
You slice the yak!!
You kill the yak!
Trog accepts your kill.
You closely miss the wolf.
You slash the yak! x2; You barely miss the yak.
A spriggan rider comes into view. It is wielding a +0 spear.
The wolf bites you.
* * * LOW HITPOINT WARNING * * *
You barely miss the yak. You headbutt the yak.
The yak is almost dead.
You slice the yak!! You hit the yak but do no damage.
You closely miss the wolf.
You feel sick. The yak gores you!
You die...

##..#...P####..PP.....†.
.##...#....##...PP.......
.........####....P......# .
#........# #..P...##...
..##..YP...# ##......#....
.......h...# #...........#
.#....YY...# ##......##... P
...YiSF#h†## #....#...#..#
.. ##...#YY@## ##..#....#...
#..#...<##†YY# #....#..#....
.....Y..##.B°###...P#.......
..Y.Y...##.Y.P#....##.......
..#Y(...°.......#.......#
#..............#.......
#.............. .#..
#...............
#.............


You could see a boulder beetle (rolling), a spriggan rider, a black mamba, 9
yaks, a cane toad and 2 wolves.

Vanquished Creatures
  Josephine (Lair:3)
  A hydra (Lair:5)
  Erica (D:9)
  A two-headed ogre (D:9)
  A boulder beetle (Lair:2)
  A salamander (Lair:3)
  2 merfolk sirens (Lair:3)
  An elephant (D:9)
  3 black mambas
  A torpor snail (Lair:5)
  A rime drake (Lair:3)
  10 cane toads
  A komodo dragon (Lair:5)
  2 merfolk (Lair:3)
  Grinder (D:3)
  7 blink frogs
  Sigmund (D:3)
  4 wraiths (Lair:3)
  A shadow (D:9)
  3 steam dragons
  3 wyverns
  A basilisk (Lair:1)
  20 yaks
  3 vampire mosquitoes (D:8)
  A naga (Lair:3)
  Duvessa (D:5)
  5 water moccasins
  Pargi (Sewer)
  2 orc warriors (D:7)
  A sky beast (D:5)
  A black bear (D:4)
  An ice beast (D:6)
  10 wolves
  2 kobold brigands
  3 phantoms
  6 bullfrogs
  A brain worm (Sewer)
  6 scorpions
  A gnoll sergeant (D:6)
  9 wights
  Dowan (D:5)
  2 electric eels (Lair:1)
  A bombardier beetle (D:5)
  4 jellies
  A hound (D:6)
  3 orc priests
  2 gnoll boudas (D:8)
  3 sleepcaps
  Jessica (D:2)
  5 iguanas
  Terence (D:3)
  Natasha (thrice) (D:3)
  6 orc wizards
  2 human simulacra (D:8)
  27 gnolls
  9 adders
  A white imp (D:7)
  6 ufetubi
  2 dart slugs
  3 ribbon worms
  13 orcs
  5 ball pythons
  6 endoplasms
  A giant cockroach (D:4)
  9 hobgoblins
  A jackal (D:1)
  5 quokkas
  9 bats
  A frilled lizard (D:2)
  10 goblins
  11 kobolds
  4 rats
280 creatures vanquished.

Vanquished Creatures (collateral kills)
  A hydra (Lair:5)
1 creature vanquished.

Vanquished Creatures (others)
  An orc (D:8)
1 creature vanquished.

Grand Total: 282 creatures vanquished

Notes
Turn   | Place    | Note
-------+----------+-------------------------------------------
     0 | D:1      | DanBellow the Minotaur Berserker began the quest for the
                  | Orb.
     0 | D:1      | Reached XP level 1. HP: 19/19 MP: 0/0
   120 | D:1      | Reached skill level 4 in Axes
   154 | D:1      | Reached XP level 2. HP: 26/27 MP: 1/1
   783 | D:2      | Reached skill level 5 in Axes
   786 | D:2      | Reached XP level 3. HP: 24/33 MP: 2/2
   901 | D:1      | Reached XP level 4. HP: 37/40 MP: 3/3
   913 | D:2      | Reached skill level 6 in Axes
  1433 | D:2      | Reached XP level 5. HP: 46/46 MP: 4/4
  1462 | D:2      | Identified the +0 ring mail "Nokuifro" {rPois}
  1597 | D:2      | Noticed Jessica
  1601 | D:2      | Killed Jessica
  1602 | D:2      | Reached skill level 7 in Axes
  2010 | D:3      | Noticed Natasha
  2014 | D:3      | Killed Natasha
  2022 | D:3      | Noticed Natasha
  2035 | D:3      | Killed Natasha
  2064 | D:3      | Noticed Natasha
  2071 | D:3      | Killed Natasha
  2072 | D:3      | Reached skill level 8 in Axes
  2092 | D:3      | Noticed Terence
  2099 | D:3      | Killed Terence
  2100 | D:3      | Reached XP level 6. HP: 52/52 MP: 5/5
  2155 | D:3      | Reached ** piety under Trog
  2268 | D:3      | Found a glowing drain.
  2272 | Sewer    | Entered a sewer
  2311 | Sewer    | Reached skill level 9 in Axes
  2330 | Sewer    | Noticed Pargi
  2349 | Sewer    | Killed Pargi
  2498 | D:3      | Reached XP level 7. HP: 58/58 MP: 6/6
  2640 | D:3      | Noticed Grinder
  2716 | D:3      | Killed Grinder
  2717 | D:3      | Reached skill level 10 in Axes
  2749 | D:3      | Noticed Sigmund
  2833 | D:3      | Killed Sigmund
  2834 | D:3      | Reached skill level 11 in Axes
  2846 | D:3      | Found a radiant altar of Vehumet.
  2858 | D:3      | Found a hide-covered altar of Uskayaw.
  3092 | D:4      | Reached XP level 8. HP: 66/66 MP: 7/7
  3235 | D:4      | Reached skill level 12 in Axes
  3256 | D:4      | Found a sacrificial altar of Ru.
  3364 | D:4      | Reached *** piety under Trog
  3484 | D:4      | Found Nothetet's General Store.
  3492 | D:4      | Bought a scroll of fear for 56 gold pieces
  3492 | D:4      | Bought a potion of might for 56 gold pieces
  3932 | D:5      | Entered Level 5 of the Dungeon
  3932 | D:5      | Found a glowing golden altar of the Shining One.
  3932 | D:5      | Found a burning altar of Makhleb.
  3965 | D:5      | Found a stormy altar of Qazlal.
  3976 | D:5      | Found a bloodstained altar of Trog.
  3992 | D:5      | Reached skill level 13 in Axes
  4059 | D:5      | Noticed Dowan
  4060 | D:5      | Noticed Duvessa
  4067 | D:5      | Killed Dowan
  4075 | D:5      | Killed Duvessa
  4286 | D:5      | Reached skill level 14 in Axes
  4511 | D:6      | Found a broken altar of Ashenzari.
  4534 | D:6      | Reached XP level 9. HP: 71/71 MP: 8/8
  5011 | D:6      | Reached skill level 15 in Axes
  5403 | D:7      | Found a staircase to the Ecumenical Temple.
  5540 | D:7      | Reached **** piety under Trog
  5587 | D:7      | Found a broken altar of Ashenzari.
  5597 | D:7      | Found a blossoming altar of Fedhas.
  5600 | D:7      | Found a shadowy altar of Dithmenos.
  5600 | D:7      | Found an ancient bone altar of Kikubaaqudgha.
  5607 | D:7      | Found a hazy altar of Hepliaklqana.
  5678 | D:7      | Reached skill level 16 in Axes
  6126 | D:7      | Reached skill level 5 in Fighting
  6211 | D:8      | Reached skill level 1 in Shields
  6436 | D:8      | Reached XP level 10. HP: 79/83 MP: 9/9
  7070 | D:9      | Noticed Erica
  7081 | D:9      | Killed Erica
  7274 | D:9      | Noticed a two-headed ogre
  7276 | D:9      | Reached skill level 5 in Armour
  7295 | D:9      | Killed a two-headed ogre
  7296 | D:9      | Reached skill level 5 in Dodging
  7435 | D:9      | Found a basalt altar of Yredelemnul.
  7461 | D:9      | Reached skill level 5 in Shields
  7512 | D:9      | Found a glowing silver altar of Zin.
  7577 | D:9      | Found a staircase to the Lair.
  7586 | D:9      | Noticed an elephant
  7601 | D:9      | Killed an elephant
  7781 | Lair:1   | Entered Level 1 of the Lair of Beasts
  7855 | Lair:1   | Reached ***** piety under Trog
  7973 | Lair:1   | Noticed a cane toad
  7982 | Lair:1   | Killed a cane toad
  8037 | Lair:1   | Reached XP level 11. HP: 94/94 MP: 10/10
  9568 | Lair:2   | Reached skill level 10 in Fighting
  9911 | Lair:2   | Noticed a boulder beetle
  9919 | Lair:2   | Killed a boulder beetle
 10137 | Lair:3   | Reached skill level 10 in Armour
 10337 | Lair:3   | Found a staircase to the Shoals.
 10372 | Lair:3   | Reached XP level 12. HP: 77/111 MP: 11/11
 10587 | Lair:3   | Found a staircase to the Snake Pit.
 10628 | Lair:3   | Noticed a boulder beetle
 10748 | Lair:3   | Found a runed translucent gate.
 10749 | Lair:3   | Found a runed translucent gate.
 10749 | Lair:3   | Found a runed translucent gate.
 10753 | Lair:3   | Noticed Xoh Arhiasm's ghost (journeyman TrWr)
 10753 | Lair:3   | Noticed Seic's ghost (journeyman DrSh)
 10753 | Lair:3   | Noticed Ycul's ghost (journeyman HOFi)
 11042 | Lair:3   | Noticed Josephine
 11057 | Lair:3   | Killed Josephine
 11104 | Lair:3   | You fall into a shaft and drop 2 floors!
 11104 | Lair:5   | Entered Level 5 of the Lair of Beasts
 11152 | Lair:5   | Noticed a six-headed hydra
 11166 | Lair:5   | Killed a six-headed hydra
 11281 | Lair:5   | Noticed a six-headed hydra
 11298 | Lair:5   | Killed a nine-headed hydra
 11301 | Lair:5   | HP: 4/169 [yak (5)]
 11301 | Lair:5   | Noticed a boulder beetle
 11306 | Lair:5   | HP: 5/169 [poisoned by a black mamba]
 11306 | Lair:5   | HP: 1/169 [wolf (4)]
 11311 | Lair:5   | HP: 2/172 [wolf (1)]
 11312 | Lair:5   | Mangled by a yak

Illustrated notes

Levels and vault maps discovered:
D:1:      scummos_arrival_simple_crosswalls, layout_loops_ring, minmay_vboxes
D:2:      layout_basic, minmay_misc_feat_alley, uniq_jessica
D:3:      layout_basic, mainiacjoe_overflow_swirl, gup_sewer_entry_bowl,
          uniq_sigmund, uniq_terence, uniq_natasha, uniq_grinder
D:4:      layout_loops_cross, nicolae_ru_sacrificial_ziggurat, serial_aquarium,
          aquarium_bridge_straight [aquarium_subvault_bridge,
          aquarium_subvault_wall, aquarium_subvault_bridge,
          aquarium_subvault_balcony], aquarium_bridge_straight
          [aquarium_subvault_bridge, aquarium_subvault_wall,
          aquarium_subvault_bridge, aquarium_subvault_balcony],
          aquarium_window_2, aquarium_window_fake, aquarium_view_2a,
          aquarium_pool_corner, dk_noncrumbling_2, nicolae_wooded_promenade
D:5:      layout_basic, nicolae_overflow_macrodata_refinement, moated_statue,
          minivault_23, uniq_duvessa
D:6:      layout_cave_pods, serial_park, serial_park_gazebo
          [serial_park_minivault_5x5_4], serial_park_fountain,
          serial_park_tiny_2, serial_park_tiny_2
D:7:      layout_cave_pods, nicolae_overflow_hallway_of_the_gods,
          minmay_temple_entry_mist, minmay_misc_feat_x
D:8:      layout_rooms, serial_glass, glass_columns_a, glass_columns_a,
          minmay_strange_pillars, due_unseen_surprise, bh_circular_ruins
D:9:      layout_roguey, zin_statuary, mainiacjoe_overflow_surrounded_room,
          grunt_lair_entry_orc_guard_hut, serial_glass, glass_columns_b,
          glass_columns_b, uniq_erica
Lair:1:   layout_layer_cave, dpeg_stationary_puzzle, lemuel_fruit_tree
Lair:2:   layout_loops_ring
Lair:3:   layout_cave_pods, elwin_shoals_entry_stream,
          alex1729_snake_entry_snake, gammafunk_ghost_cemetery, uniq_josephine
Lair:5:   minmay_lair_end_enchanted_forest, layout_long_grid,
          serial_bayou_pond_d

Skill      XL: |  1  2  3  4  5  6  7  8  9 10 11 12 |
---------------+-------------------------------------+-----
Axes           | 4 5 6 8 9 11 14 16 | 16.8
Fighting       | 5 8 11 13 | 13.0
Shields        | 2 5 |  5.4
Armour         | 3 6 10 12 | 12.2
Dodging        | 3 5 |  5.5

Action                     |  1- 3 |  4- 6 |  7- 9 | 10-12 || total
---------------------------+-------+-------+-------+-------++-------
  Melee: Hand axe          |    47 |   161 |    23 |       ||   231
         Headbutt          |     8 |    22 |    49 |    75 ||   154
         War axe           |       |       |   256 |   396 ||   652
  Throw: Throwing net      |       |       |       |     1 ||     1
 Invoke: Berserk           |     2 |     2 |     4 |     5 ||    13
         Brothers in Arms  |       |       |       |     2 ||     2
         Trog's Hand       |       |       |       |     1 ||     1
    Use: Scroll            |       |       |     4 |     5 ||     9
         Potion            |       |       |       |     3 ||     3
 Armour: Animal skin       |    16 |       |       |       ||    16
         Chain mail        |    18 |   111 |       |       ||   129
         Troll leather arm |       |       |    99 |       ||    99
         Skin              |       |       |     4 |       ||     4
         Plate armour      |       |       |    44 |   246 ||   290
  Dodge: Dodged            |    30 |    51 |    85 |   115 ||   281
  Block: Kite shield       |       |    35 |    99 |   206 ||   340

Table legend: (Time is in decaauts)
 A = Elapsed time spent in this place.
 B = Non-inter-level travel time spent in this place.
 C = Inter-level travel time spent in this place.
 D = Time resting spent in this place.
 E = Time spent auto-exploring this place.
 F = Levels seen in this place.
 G = Mean time per level.
                   A        B        C        D        E       F      G
               +--------+--------+--------+--------+--------+-----+--------+
         Total |  11326 |  10667 |    659 |    399 |   8052 |  14 |  809.0 |
       Dungeon |   7732 |   7148 |    584 |    307 |   5199 |   9 |  859.1 |
          Lair |   3461 |   3387 |     74 |     92 |   2790 |   4 |  865.2 |
         Sewer |    132 |    132 |      0 |      0 |     62 |   1 |  132.0 |
               +--------+--------+--------+--------+--------+-----+--------+

Top non-repeatable levels by time:
  Lair:1: 1498 daAuts
     D:2: 1310 daAuts
     D:7: 999 daAuts
  Lair:3: 983 daAuts
     D:4: 964 daAuts
     D:3: 910 daAuts
     D:6: 859 daAuts
     D:9: 834 daAuts
     D:1: 809 daAuts
  Lair:2: 767 daAuts
     D:5: 525 daAuts
     D:8: 519 daAuts
  Lair:5: 213 daAuts
   Sewer: 132 daAuts
